AoeStats
← JanMa

Arena

510611956Analyzed
4v4 RM · 1d ago on Oct 1, 2026· 53m 49s· 8 players
Game mode
Random Map
Map size
Large (8 player)
Population
200
Speed
Normal
Resources
Standard
Victory
Conquest
Starting age
Dark Age
Ending age
Imperial Age
RankedLock teamsTeams togetherTeam positionsShared explorationLock speedFull tech treeHidden civsTurbo modeCheats
Victory
Defeat
🇨🇦 Khmer · Canada
1070
+13
🇨🇦 Teutons · Canada
1056
+13
🇪🇸 Gurjaras · Spain
1008
+15
🇬🇧 Britons · United Kingdom
984
+16
🇨🇿 Franks · Czechia
1018
-15
🇨🇿 Saxons · Czechia
1009
-15
🇨🇿 Turks · Czechia
1006
-15
🇨🇿 Goths · Czechia
934
-12
psycomp3
10:04 Feudal Age
10:35 Double-Bit Axe
16:00 Castle Age
14:54 Horse Collar
15:37 Stone Mining
16:13 Gold Mining
18:17 Bow Saw
18:23 Loom
21:12 Heavy Plow
23:51 Wheelbarrow
25:11 Hand Cart
25:26 Forging
25:56 Stone Shaft Mining
26:43 Gold Shaft Mining
26:48 Iron Casting
27:36 Kshatriyas
27:30 Town Watch
27:52 Scale Mail Armor
31:40 Imperial Age
30:21 Chain Mail Armor
31:46 Ballistics
31:38 Masonry
32:49 Conscription
33:26 Plate Mail Armor
32:25 Elite Chakram Thrower
35:24 Architecture
35:43 Crop Rotation
35:30 Caravan
41:17 Chemistry
43:00 Treadmill Crane
43:16 Murder Holes
45:14 Frontier Guards
45:37 Scale Barding Armor
46:57 Husbandry
47:10 Bloodlines
46:24 Heavy Camel Rider
48:03 Chain Barding Armor
gazza17
11:00 Feudal Age
13:48 Loom
16:17 Castle Age
14:16 Double-Bit Axe
15:30 Gold Mining
15:27 Horse Collar
15:57 Fletching
18:25 Bow Saw
21:24 Padded Archer Armor
22:21 Heavy Plow
22:45 Stone Mining
22:38 Crossbowman
25:16 Wheelbarrow
26:41 Gold Shaft Mining
26:13 Bodkin Arrow
26:34 Leather Archer Armor
27:40 Pikeman
28:23 Scale Mail Armor
28:34 Forging
33:18 Hand Cart
37:00 Imperial Age
35:06 Ballistics
35:50 Heated Shot
35:41 Treadmill Crane
38:21 Yeomen
38:48 Bracer
39:18 Ring Archer Armor
38:16 Arbalester
40:36 Conscription
44:09 Chemistry
43:00 Heated Shot
48:48 Elite Longbowman
49:50 Elite Longbowman
Touseef
0:26 Loom
11:52 Feudal Age
16:09 Castle Age
15:03 Double-Bit Axe
17:14 Wheelbarrow
16:21 Horse Collar
16:36 Gold Mining
18:04 Crossbowman
18:54 Husbandry
20:53 Fletching
23:21 Bow Saw
24:26 Bloodlines
26:08 Hand Cart
25:48 Stone Mining
29:35 Imperial Age
26:57 Light Cavalry
27:58 Husbandry
29:09 Bodkin Arrow
30:14 Padded Archer Armor
32:34 Bracer
35:03 Heavy Plow
36:26 Leather Archer Armor
36:16 Scale Barding Armor
36:31 Elite Ballista Elephant
39:08 Forging
39:41 Coinage
39:13 Double Crossbow
40:17 Ballistics
41:06 Chain Barding Armor
41:54 Chemistry
41:57 Tusk Swords
43:50 Hussar
46:02 Plate Barding Armor
45:28 Scale Mail Armor
50:02 Iron Casting
51:34 Caravan
53:38 Blast Furnace
thegladiator989
7:06 Loom
11:30 Feudal Age
12:47 Wheelbarrow
16:42 Castle Age
14:32 Double-Bit Axe
14:31 Horse Collar
19:29 Fervor
21:09 Sanctity
26:20 Heavy Plow
30:00 Hand Cart
29:44 Gold Mining
29:44 Stone Mining
29:56 Town Watch
30:25 Bow Saw
33:05 Imperial Age
30:53 Town Patrol
30:48 Fletching
31:18 Fortified Wall
32:02 Masonry
32:13 Ballistics
32:08 Forging
32:04 Scale Barding Armor
31:34 Pikeman
32:00 Gambesons
32:31 Squires
32:43 Scale Mail Armor
33:03 Bloodlines
32:50 Arson
33:08 Halberdier
34:11 Conscription
34:11 Crenellations
34:58 Chemistry
35:36 Iron Casting
35:16 Chain Mail Armor
35:08 Scale Barding Armor
36:03 Bodkin Arrow
35:39 Cavalier
37:45 Blast Furnace
37:06 Siege Engineers
37:57 Paladin
38:59 Ironclad
39:52 Elite Teutonic Knight
41:58 Hoardings
41:56 Arrowslits
42:23 Heavy Scorpion
43:53 Theocracy
43:44 Illumination
43:35 Block Printing
45:23 Plate Mail Armor
45:13 Chain Barding Armor
47:41 Stone Shaft Mining
48:34 Crop Rotation
49:09 Two-Man Saw
48:47 Plate Barding Armor
48:13 Padded Archer Armor
49:40 Caravan
50:12 Coinage
50:13 Capped Ram
50:13 Onager
50:25 Sappers
Georg_von_Mahren
6:08 Loom
9:59 Feudal Age
10:31 Double-Bit Axe
18:34 Castle Age
17:35 Scale Barding Armor
19:49 Chain Barding Armor
20:37 Bow Saw
20:42 Forging
22:48 Husbandry
26:32 Wheelbarrow
25:44 Town Watch
27:07 Gold Mining
34:04 Imperial Age
32:23 Hand Cart
33:17 Stone Mining
36:09 Iron Casting
36:09 Plate Barding Armor
35:54 Town Patrol
36:07 Cavalier
38:22 Padded Archer Armor
38:13 Fletching
38:25 Scale Mail Armor
39:39 Conscription
39:41 Paladin
40:03 Light Cavalry
41:32 Conscription
45:29 Fletching
45:41 Scale Mail Armor
VelkyChobot
10:22 Feudal Age
15:37 Castle Age
15:15 Double-Bit Axe
15:40 Horse Collar
16:41 Stone Mining
17:14 Heavy Plow
23:25 Wheelbarrow
27:27 Imperial Age
24:47 Loom
25:44 Gold Mining
27:23 Ballistics
28:12 Hand Cart
35:28 Scale Barding Armor
35:34 Forging
35:15 Fletching
36:39 Caravan
37:45 Bloodlines
37:36 Husbandry
39:34 Chain Barding Armor
39:50 Iron Casting
47:10 Blast Furnace
46:53 Bow Saw
JanMa
0:29 Loom
10:46 Feudal Age
11:32 Double-Bit Axe
11:53 Horse Collar
19:15 Castle Age
17:45 Scale Mail Armor
18:07 Forging
18:53 Stone Mining
18:56 Gold Mining
21:02 Squires
21:25 Bow Saw
22:01 Wheelbarrow
21:54 Town Watch
23:07 Heavy Plow
24:15 Hand Cart
24:21 Elite Skirmisher
27:29 Town Patrol
29:14 Pikeman
29:18 Man-at-Arms
33:05 Imperial Age
32:14 Murder Holes
32:54 Chain Mail Armor
33:22 Halberdier
35:23 Two-Man Saw
34:51 Conscription
36:15 Iron Casting
35:43 Perfusion
37:18 Long Swordsman
38:16 Two-Handed Swordsman
38:35 Champion
39:41 Anarchy
47:51 Blast Furnace
50:45 Crop Rotation
50:15 Fletching
50:25 Padded Archer Armor
51:59 Chemistry
51:20 Ballistics
Kompot
10:34 Feudal Age
12:17 Double-Bit Axe
15:02 Castle Age
16:35 Bow Saw
16:35 Loom
16:34 Horse Collar
21:01 Wheelbarrow
22:07 Heavy Plow
22:05 Gold Mining
22:48 Squires
25:00 Hand Cart
24:31 Town Watch
25:26 Gold Shaft Mining
26:28 Man-at-Arms
26:54 Gambesons
27:07 Stone Mining
26:53 Pikeman
27:18 Arson
27:04 Long Swordsman
31:43 Imperial Age
29:19 Scale Mail Armor
29:30 Forging
31:41 Chain Mail Armor
32:02 Iron Casting
31:46 Two-Handed Swordsman
33:00 Plate Mail Armor
33:21 Town Patrol
34:19 Crop Rotation
34:54 Two-Man Saw
34:16 Champion
34:55 Onager
35:16 Halberdier
38:19 Siege Engineers
42:42 Ballistics
44:05 Heavy Scorpion
44:25 Shield Wall
44:27 Elite Hearth Troop
51:35 Fletching
Connection lost

Rejoining the realm…

Still unreachable

The connection could not be restored.

Session expired

The server has moved on; the page needs a fresh start.